 Dungeon Crawl Stone Soup version 0.29-a0-378-gc08b2e8bf8 (webtiles) character file.

Game seed: 551026875466111921

8458 Antichthon the Basher (level 11, -1/74 HPs)
             Began as a Gargoyle Fighter on May 5, 2022.
             Was an Elder of Zin.
             Slain by a large slime creature (31 damage)
             ... on level 10 of the Dungeon.
             The game lasted 00:24:00 (14080 turns).

Antichthon the Basher (Gargoyle Fighter)           Turns: 14080, Time: 00:24:02

Health: -1/74      AC: 26    Str: 21    XL:     11   Next: 31%
Magic:  25/25      EV:  7    Int: 19    God:    Zin [****..]
Gold:   502        SH:  5    Dex:  9    Spells: 10/10 levels left

rFire   . . .      SeeInvis .   a - +5 flail
rCold   + . .      Faith    .   c - +0 buckler
rNeg    + . .      Spirit   .   z - +0 plate armour
rPois   ∞          Reflect  .   m - +3 hat of Pondering {ponderous, Will+ MP+10 Int+5}
rElec   +          Harm     .   x - +0 cloak
rCorr   .          Rampage  .   (no gloves)
Will    ++...                   (no boots)
Stlth   ..........              (no amulet)
HPRegen 0.22/turn               h - ring of willpower
MPRegen 0.19/turn               w - ring of flight

@: flying, slow
A: sickness immunity, AC +8, negative energy resistance 1, electricity
resistance, torment resistance 1, petrification resistance, cold resistance 1,
sense surroundings 1, robust 1, strong 1
a: Renounce Religion, Recite, Vitalisation, Imprison, Donate Gold


You were on level 10 of the Dungeon.
You worshipped Zin.
Zin was greatly pleased with you.
You visited 2 branches of the dungeon, and saw 11 of its levels.
You also visited: Ossuary.

You collected 617 gold pieces.
You spent 54 gold pieces at shops.
You donated 61 gold pieces to Zin.

Inventory:

Hand Weapons
 a - a +5 flail (weapon)
 D - a +0 morningstar
Missiles
 A - 2 silver boomerangs (quivered)
Armour
 c - a +0 buckler (worn)
 m - the +3 hat of Pondering (worn) {ponderous, Will+ MP+10 Int+5}
   (You took it off Gastronok on level 9 of the Dungeon)

   Int:       It affects your intelligence (+5).
   MP:        It affects your magic capacity (+10).
   Will:      It increases your willpower.
 x - a +0 cloak (worn)
 z - a +0 plate armour (worn)
Jewellery
 h - a ring of willpower (left hand)
 w - a ring of flight (right hand)
Wands
 k - a wand of iceblast (31)
 l - a wand of flame (24)
 o - a wand of acid (2)
 u - a wand of polymorph (7)
 y - a wand of paralysis (4)
Scrolls
 b - a scroll of poison
 j - 2 scrolls of enchant weapon
 n - a scroll of fear
 p - 4 scrolls of immolation
 r - 4 scrolls of teleportation
 v - 3 scrolls of identify
 C - 2 scrolls of amnesia
 G - 2 scrolls of fog
 H - a scroll of magic mapping
Potions
 d - 2 potions of might
 e - 2 potions of curing
 f - a potion of heal wounds
 g - 2 potions of attraction
 i - 3 potions of brilliance
 q - 2 potions of cancellation
 s - 2 potions of lignification
 t - 3 potions of flight
 B - 3 potions of magic
 E - a potion of mutation


   Skills:
 * Level 7.7 Fighting
 * Level 10.4 Maces & Flails
 * Level 9.6 Armour
 * Level 4.3 Dodging
 * Level 6.8 Shields
 * Level 5.8 Invocations


You had 10 spell levels left.
You didn't know any spells.
Your spell library contained the following spells:

 Spells                   Type           Power      Damage    Failure   Level
 Apportation              Tloc           0%         N/A       99%         1
 Beastly Appendage        Tmut           0%         N/A       99%         1
 Freeze                   Ice            0%         1d3       99%         1
 Corpse Rot               Necr/Air       0%         N/A       99%         2
 Ensorcelled Hibernation  Hex/Ice        0%         N/A       99%         2
 Passwall                 Tmut/Erth      0%         N/A       99%         2
 Poisonous Vapours        Pois/Air       0%         N/A       99%         2
 Wereblood                Tmut           0%         N/A       99%         2
 Frozen Ramparts          Ice            0%         1d2       100%        3
 Gell's Gravitas          Tloc           0%         N/A       100%        3
 Spider Form              Tmut/Pois      0%         N/A       100%        3
 Swiftness                Air            0%         N/A       100%        3
 Teleport Other           Tloc           0%         N/A       100%        3
 Hailstorm                Conj/Ice       0%         3d3       100%        4
 Alistair's Intoxication  Tmut/Pois      0%         N/A       100%        5
 Lee's Rapid Deconstruct  Erth           0%         3d5*      100%        5
 Dispersal                Tloc           0%         N/A       100%        6
 Shatter                  Erth           0%         3d5*      100%        9


Dungeon Overview and Level Annotations

Branches:
Dungeon (10/15)            Temple (1/1) D:6         Ossuary (visited)
   Lair: D:8-11         Orc: D:9-12

Altars:
Ashenzari
Cheibriados
Dithmenos
Elyvilon
Fedhas
Gozag
Hepliaklqana
Kikubaaqudgha
Makhleb
Nemelex Xobeh
Okawaru
Qazlal
Ru
Sif Muna
Trog
Uskayaw
Vehumet
Xom
Yredelemnul
Zin
The Shining One

Shops:
D:1 :   D:7 *

Annotations:
D:6 1 runed translucent door, Sweeb's ghost, novice DgGl


Innate Abilities, Weirdness & Mutations

You are immune to sickness and miasma.
Your stone body is resilient. (AC +8)
You are immune to poison.
You resist negative energy. (rN+)
You are resistant to electric shocks. (rElec)
You are resistant to unholy torment.
You are immune to petrification.
Your flesh is cold resistant. (rC+)
You passively map a small area around you.
You are robust. (+10% HP)
Your muscles are strong. (Str +2)


Message History

You kill the wyvern!
You see here a wyvern corpse.
Unknown command.
Done exploring.
Done exploring.
You don't have any unidentified items.
Done exploring.
(D) Dungeon (T) Temple
Where to? (Enter - D:9, ? - help)
There is a stone staircase leading down here.
You fly downwards.
The slime creature quivers. x2
There is a stone staircase leading up here.
There are monsters nearby!
You hit the slime creature.
The slime creature is lightly wounded.
The slime creature barely misses you.
You sock the slime creature!
The slime creature is moderately wounded.
Two slime creatures merge to form a large slime creature.
You bludgeon the large slime creature!!
The large slime creature is moderately wounded.
You barely miss the large slime creature.
The large slime creature is moderately wounded.
The large slime creature hits you!
You thump the large slime creature!
The large slime creature is moderately wounded.
The large slime creature hits you but does no damage.
You thump the large slime creature!
The large slime creature is heavily wounded.
You hit the large slime creature.
The large slime creature is heavily wounded.
The large slime creature hits you!!
You sock the large slime creature!
The large slime creature is heavily wounded.
The large slime creature hits you!
You sock the large slime creature!
The large slime creature is severely wounded.
The large slime creature hits you!!
You die...

** ..# ,
###..##.#
,
#...J.J.#
* #<# , *
#.# , , *
#.# #.#
#J# *
#@##.# ,
#....# *
#.###....
#.# * ##*
#.# #.#
#.# #.# ,
#.#


You could see a large slime creature.

Vanquished Creatures
  Gastronok (D:9)
  2 hydras
  A two-headed ogre (D:9)
  A deep elf pyromancer (D:9)
  Maggie (D:9)
  An unseen horror (D:8)
  A komodo dragon (D:7)
  A hornet (D:7)
  Sigmund (D:2)
  5 yaks (D:9)
  2 wyverns
  2 steam dragons
  Menkaure (Ossuary)
  An acid dragon (D:7)
  A water moccasin (D:8)
  An orc warrior (D:9)
  An ice beast (D:7)
  A black bear (D:5)
  An ogre (D:6)
  2 bullfrogs
  4 kobold brigands
  A gnoll sergeant (D:8)
  3 scorpions
  10 wights
  3 killer bees (D:9)
  2 howler monkeys
  A crimson imp (D:9)
  2 hounds
  2 jellies
  An orc priest (D:4)
  3 iguanas
  Natasha (twice) (D:2)
  5 orc wizards
  3 mummies (Ossuary)
  6 gnolls
  9 adders
  2 shadow imps
  2 white imps
  2 ufetubi (D:5)
  3 worms (D:2)
  4 dart slugs
  20 orcs
  4 endoplasms
  3 giant cockroaches
  8 goblins
  5 hobgoblins
  3 jackals (D:4)
  A quokka (D:4)
  8 bats
  A frilled lizard (D:2)
  4 gnoll skeletons (Ossuary)
  2 gnoll zombies (Ossuary)
  6 goblin skeletons (Ossuary)
  3 goblin zombies (Ossuary)
  3 hobgoblin skeletons (Ossuary)
  9 hobgoblin zombies (Ossuary)
  20 kobolds
  4 kobold skeletons (Ossuary)
  3 kobold zombies (Ossuary)
  An orc skeleton (Ossuary)
  2 orc zombies (Ossuary)
  6 rats
  7 rat skeletons (Ossuary)
  6 rat zombies (Ossuary)
227 creatures vanquished.

Vanquished Creatures (others)
  2 withered plants (D:6)
2 creatures vanquished.

Grand Total: 229 creatures vanquished

Notes
Turn   | Place    | Note
-------+----------+-------------------------------------------
     0 | D:1      | Antichthon the Gargoyle Fighter began the quest for the
                  | Orb.
     0 | D:1      | Reached XP level 1. HP: 14/14 MP: 1/1
   529 | D:1      | Reached XP level 2. HP: 19/19 MP: 2/2
   586 | D:1      | Found Poaforch's Book Emporium.
  1178 | D:2      | Found a faded altar of an unknown god.
  1259 | D:2      | Reached XP level 3. HP: 22/23 MP: 3/3
  1469 | D:2      | Reached skill level 1 in Invocations
  1469 | D:2      | Reached XP level 4. HP: 14/29 MP: 4/4
  1746 | D:2      | Gained mutation: You are clumsy. (Dex -2) [potion of
                  | mutation]
  1746 | D:2      | Gained mutation: Armour fits poorly on your strangely
                  | shaped body. [potion of mutation]
  1746 | D:2      | Gained mutation: Your flesh is cold resistant. (rC+)
                  | [potion of mutation]
  1746 | D:2      | Gained mutation: You expend magic power (3 MP) to
                  | strengthen your wands. [potion of mutation]
  1747 | D:2      | Lost mutation: Armour fits poorly on your strangely shaped
                  | body. [potion of mutation]
  1747 | D:2      | Lost mutation: You expend magic power (3 MP) to strengthen
                  | your wands. [potion of mutation]
  1747 | D:2      | Gained mutation: Your muscles are strong. (Str +2) [potion
                  | of mutation]
  1747 | D:2      | Gained mutation: You are very clumsy. (Dex -4) [potion of
                  | mutation]
  1747 | D:2      | Gained mutation: Your mind is acute. (Int +2) [potion of
                  | mutation]
  1789 | D:2      | Noticed Sigmund
  1801 | D:2      | Killed Sigmund
  1802 | D:2      | Reached skill level 4 in Maces & Flails
  1802 | D:2      | Reached skill level 1 in Dodging
  1802 | D:2      | Reached XP level 5. HP: 28/33 MP: 4/6
  1802 | D:2      | Reached XP level 6. HP: 32/38 MP: 4/7
  2101 | D:2      | Noticed Natasha
  2114 | D:2      | Killed Natasha
  2172 | D:2      | Noticed Natasha
  2184 | D:2      | Killed Natasha
  3564 | D:4      | Found a sand-covered staircase.
  3737 | Ossuary  | Entered an ossuary
  4314 | Ossuary  | Noticed Menkaure
  4337 | Ossuary  | Killed Menkaure
  4338 | Ossuary  | Reached skill level 5 in Maces & Flails
  4338 | Ossuary  | Reached XP level 7. HP: 35/44 MP: 8/8
  4529 | Ossuary  | Lost mutation: You are very clumsy. (Dex -4) [potion of
                  | mutation]
  4529 | Ossuary  | Lost mutation: Your mind is acute. (Int +2) [potion of
                  | mutation]
  4529 | Ossuary  | Gained mutation: You have hidden genetic defects. [potion
                  | of mutation]
  4529 | Ossuary  | Lost mutation: You are clumsy. (Dex -2) [potion of
                  | mutation]
  4529 | Ossuary  | Gained mutation: You have a beak for a mouth. [potion of
                  | mutation]
  4530 | Ossuary  | Lost mutation: You have hidden genetic defects. [potion of
                  | mutation]
  4530 | Ossuary  | Lost mutation: You have a beak for a mouth. [potion of
                  | mutation]
  4530 | Ossuary  | Gained mutation: You passively map a small area around you.
                  | [potion of mutation]
  4530 | Ossuary  | Gained mutation: You are robust. (+10% HP) [potion of
                  | mutation]
  5157 | D:5      | Entered Level 5 of the Dungeon
  5789 | D:5      | Reached XP level 8. HP: 43/52 MP: 9/9
  5915 | D:5      | Reached skill level 5 in Fighting
  5915 | D:5      | Reached skill level 6 in Maces & Flails
  5915 | D:5      | Reached skill level 5 in Armour
  6751 | D:6      | Found a staircase to the Ecumenical Temple.
  6765 | Temple   | Entered the Ecumenical Temple
  6970 | Temple   | Became a worshipper of the Shining One
  6996 | Temple   | Fell from the grace of the Shining One
  6996 | Temple   | Became a worshipper of Zin the Law-Giver
  6996 | Temple   | Reached * piety under Zin
  7062 | D:6      | Found a runed translucent door.
  7062 | D:6      | Noticed Sweeb's ghost (novice DgGl)
  7399 | D:6      | Reached ** piety under Zin
  7762 | D:7      | Found Ruqixkan's Assorted Antiques.
  7773 | D:7      | Bought a scroll of identify for 54 gold pieces
  7865 | D:7      | Reached skill level 7 in Maces & Flails
  8254 | D:7      | Reached *** piety under Zin
  8278 | D:7      | Reached XP level 9. HP: 58/59 MP: 11/11
  8323 | D:7      | Noticed a four-headed hydra
  8339 | D:7      | Zin protects you from harm!
  8340 | D:7      | Killed a four-headed hydra
  8340 | D:7      | Noticed a komodo dragon
  8341 | D:7      | Reached skill level 5 in Shields
  8343 | D:7      | Reached skill level 8 in Maces & Flails
  8914 | D:7      | Killed a komodo dragon
  9583 | D:7      | Reached XP level 10. HP: 66/66 MP: 13/13
  9726 | D:7      | Reached skill level 9 in Maces & Flails
  9971 | D:8      | Reached **** piety under Zin
 10218 | D:9      | Reached skill level 5 in Invocations
 10387 | D:9      | Noticed an eight-headed hydra
 10403 | D:9      | Killed an eight-headed hydra
 10799 | D:9      | Noticed a two-headed ogre
 10815 | D:9      | Killed a two-headed ogre
 10816 | D:9      | Reached skill level 10 in Maces & Flails
 12546 | D:9      | Noticed a deep elf pyromancer
 12667 | D:8      | Killed an unseen horror
 12668 | D:8      | Reached XP level 11. HP: 29/73 MP: 15/15
 12977 | D:9      | Got the Incunabulum of Earthen Sinister Secrets
 13057 | D:9      | Noticed Maggie
 13116 | D:9      | Killed Maggie
 13121 | D:9      | Killed a deep elf pyromancer
 13347 | D:9      | Noticed Gastronok
 13396 | D:9      | Killed Gastronok
 14064 | D:10     | Entered Level 10 of the Dungeon
 14080 | D:10     | Slain by a large slime creature

Illustrated notes

Levels and vault maps discovered:
D:1:      roderic_dead_forest, layout_basic, serial_shops, nicolae_square_shop,
          minmay_tiny_reverse_x
D:2:      layout_loops_cross, basic_ecumenical_altar,
          nicolae_concentric_dashed_squares_wild, uniq_sigmund, uniq_natasha
D:3:      layout_basic, minivault_19, minivault_5, small_statue_intersection
D:4:      layout_basic, nicolae_ossuary_entry_false_entrances, fountainhead
D:5:      layout_basic
D:6:      layout_basic, minmay_temple_entry_glassed_door, gammafunk_ghost_grave
D:7:      minmay_cornered_nines, layout_gridville, serial_shops, shop
D:8:      layout_cave_pools
D:9:      layout_layer_cave, minmay_fire_ice_demons, uniq_maggie, uniq_gastronok
D:10:     layout_loops_ring, lemuel_doored_altar, erik_lair_dragon, david_orc_3,
          minmay_lindwurm_lava
Temple:   mainiacjoe_temple_archimedes_tessellation

Skill      XL: |  1  2  3  4  5  6  7  8  9 10 11 |
---------------+----------------------------------+-----
Invocations    | 1 2 3 4 5 |  5.8
Fighting       | 4 5 6 7 |  7.7
Maces & Flails | 4 5 7 8 10 | 10.4
Armour         | 4 5 7 8 9 |  9.6
Dodging        | 1 2 3 4 |  4.3
Shields        | 4 5 6 |  6.8

Action                   |  1- 3 |  4- 6 |  7- 9 | 10-12 || total
-------------------------+-------+-------+-------+-------++-------
Melee: Flail             |    92 |   265 |   353 |   290 ||  1000
Evoke: Wand              |       |       |       |     5 ||     5
  Use: Scroll            |     1 |     6 |    11 |     1 ||    19
       Potion            |       |     2 |     6 |     9 ||    17
 Stab: Distracted        |     1 |       |       |       ||     1
Armor: Scale mail        |    54 |    66 |       |       ||   120
       Chain mail        |       |    66 |    94 |       ||   160
       Plate armour      |       |       |   134 |   380 ||   514
Dodge: Dodged            |    40 |   103 |   125 |    90 ||   358
Block: Buckler           |    24 |    37 |    69 |    72 ||   202

Table legend: (Time is in decaauts)
 A = Elapsed time spent in this place.
 B = Non-inter-level travel time spent in this place.
 C = Inter-level travel time spent in this place.
 D = Time resting spent in this place.
 E = Time spent auto-exploring this place.
 F = Levels seen in this place.
 G = Mean time per level.
                   A        B        C        D        E       F      G
               +--------+--------+--------+--------+--------+-----+--------+
         Total |  14188 |  13847 |    341 |   1754 |   8875 |  12 | 1182.3 |
       Dungeon |  13035 |  12726 |    309 |   1613 |   8553 |  10 | 1303.5 |
        Temple |    288 |    256 |     32 |      0 |    187 |   1 |  288.0 |
       Ossuary |    863 |    863 |      0 |    141 |    135 |   1 |  863.0 |
               +--------+--------+--------+--------+--------+-----+--------+

Top non-repeatable levels by time:
     D:9: 2856 daAuts
     D:7: 1825 daAuts
     D:6: 1445 daAuts
     D:8: 1396 daAuts
     D:2: 1324 daAuts
     D:1: 1191 daAuts
     D:5: 1098 daAuts
     D:4: 954 daAuts
     D:3: 927 daAuts
 Ossuary: 863 daAuts
  Temple: 288 daAuts
    D:10: 15 daAuts
